 Dungeon Crawl Stone Soup version 0.27-a0-59-gfbafd837a3 (webtiles) character file.

Game seed: 16506240062453837433

30025 Borgoz the Brawler (level 13, -35/104 HPs)
             Began as a Ghoul Gladiator on Jan 8, 2021.
             Was a High Priest of Hepliaklqana.
             Annihilated by an enormous slime creature (58 damage)
             ... on level 15 of the Dungeon.
             The game lasted 00:19:30 (14261 turns).

Borgoz the Brawler (Ghoul Gladiator)               Turns: 14261, Time: 00:19:30

Health: -35/104    AC: 23    Str: 31    XL:     13   Next: 49%
Magic:  0/12       EV: 16    Int:  6    God:    Hepliaklqana [*****.]
Gold:   667        SH:  6    Dex: 13    Spells: 12/12 levels left

rFire    . . .     SeeInvis +     - Unarmed
rCold    + . .     Faith    .   Q - +1 buckler {AC+3}
rNeg     + + +     Spirit   +   y - +3 scale mail "Dugroam" {*Slow Will+ Str+5}
rPois    ∞         Reflect  .   o - +2 helmet {Int+3}
rElec    .         Harm     .   H - scarf {repulsion}
rCorr    .         Rampage  .   L - +3 pair of gauntlets of War {Slay+5}
Will     +....                  M - +0 pair of boots
Stlth    ..........             a - amulet of guardian spirit
HPRegen  0.00/turn              h - +6 ring of strength
MPRegen  0.13/turn              B - ring of see invisible

@: repel missiles
A: reduced essence, claws 1, cold resistance 1, negative energy resistance 3,
inhibited regeneration, torment resistance, unbreathing
a: Renounce Religion, Recall Ancestor, Ancestor Identity, Transference, Idealise


You were on level 15 of the Dungeon.
You worshipped Hepliaklqana.
Hepliaklqana was extremely pleased with you.
You visited 2 branches of the dungeon, and saw 16 of its levels.
You also visited: Sewer.

You collected 1127 gold pieces.
You spent 460 gold pieces at shops.

Inventory:

Missiles
 c - a throwing net (quivered)
Armour
 l - a +2 leather armour of cold resistance
 o - a +2 helmet of intelligence (worn)
 y - the +3 scale mail "Dugroam" (worn) {*Slow Will+ Str+5}
   (You found it on level 4 of the Dungeon)

   It affects your strength (+5).
   It affects your willpower, your defense against some magical effects.
   It may slow you when you take damage.
 H - a scarf of repulsion (worn)
 L - the +3 pair of gauntlets of War (worn) {Slay+5}
   (You found it on level 11 of the Dungeon)

   It affects your accuracy and damage with ranged weapons and melee attacks
   (+5).
 M - a +0 pair of boots (worn)
 Q - a +1 buckler of protection (worn)
Jewellery
 a - an amulet of guardian spirit (around neck)
 h - a +6 ring of strength (left hand)
 t - an uncursed ring of flight
 A - an uncursed amulet of reflection
 B - a ring of see invisible (right hand)
 I - a +4 ring of protection
 N - an uncursed ring of protection from cold
Wands
 e - a wand of digging (1)
 s - a wand of disintegration (20)
 D - a wand of flame (8)
 E - a wand of paralysis (5)
 F - a wand of acid (7)
 J - a wand of polymorph (9)
 P - a wand of iceblast (8)
Scrolls
 i - 8 scrolls of teleportation
 j - 2 scrolls of identify
 k - 7 scrolls of remove curse
 p - 5 scrolls of blinking
 q - 4 scrolls of fog
 v - 2 scrolls of vulnerability {unknown}
 w - a scroll of torment {unknown}
 x - 2 scrolls of enchant weapon
 C - a scroll of silence
 G - a scroll of summoning {unknown}
 K - a scroll of enchant armour {unknown}
 O - 2 scrolls of magic mapping
Potions
 b - a potion of resistance
 d - 5 potions of heal wounds
 f - 5 potions of curing
 g - a potion of ambrosia
 m - 3 potions of brilliance
 n - a potion of invisibility
 r - a potion of magic
 u - 5 potions of haste
 z - 4 potions of flight


   Skills:
 + Level 11.0 Fighting
 - Level 1.7 Throwing
 + Level 9.1 Armour
 + Level 9.7 Dodging
 + Level 4.2 Shields
 * Level 15.0 Unarmed Combat


You had 12 spell levels left.
You didn't know any spells.
Your spell library contained the following spells:

 Spells                   Type           Power        Failure   Level
 Foxfire                  Conj/Fire      0%           65%         1
 Sandblast                Erth           0%           65%         1
 Passwall                 Tmut/Erth      0%           80%         2
 Conjure Flame            Conj/Fire      0%           95%         3
 Inner Flame              Hex/Fire       0%           95%         3
 Stone Arrow              Conj/Erth      0%           95%         3
 Petrify                  Tmut/Erth      0%           100%        4
 Sticky Flame             Conj/Fire      0%           100%        4
 Fireball                 Conj/Fire      0%           100%        5
 Lee's Rapid Deconstruct  Erth           0%           100%        5
 Beastly Appendage        Tmut           Unusable     N/A         1
 Wereblood                Tmut           Unusable     N/A         2
 Spider Form              Tmut/Pois      Unusable     N/A         3
 Ice Form                 Ice/Tmut       Unusable     N/A         4
 Blade Hands              Tmut           Unusable     N/A         5

Dungeon Overview and Level Annotations

Branches:
Dungeon (15/15)            Temple (1/1) D:5            Lair (0/6) D:9
    Orc (0/2) D:12         Vaults (0/5) D:14          Sewer (visited)
 Depths: D:15

Altars:
Ashenzari
Cheibriados
Dithmenos
Elyvilon
Fedhas
Gozag
Hepliaklqana
Kikubaaqudgha
Makhleb
Nemelex Xobeh
Okawaru
Qazlal
Ru
Sif Muna
Trog
Uskayaw
Vehumet
Wu Jian
Xom
Yredelemnul
Zin
The Shining One

Shops:
D:4 !   D:9 (*}[   D:11 =   D:14 =


Innate Abilities, Weirdness & Mutations

You thrive by killing the living.
You are immune to poison.
You have sharp fingernails.
Your flesh is cold resistant. (rC+)
You are immune to negative energy. (rN+++)
You do not regenerate when monsters are visible.
You are immune to unholy pain and torment.
You can survive without breathing.
Your life essence is reduced to manifest your ancestor. (-10% HP)


Message History

The enormous slime creature easily resists.
You block the enormous slime creature's attack.
The large slime creature hits you but does no damage.
Evoke which item? (* to show all) (? for menu, Esc to quit)
Aiming: Paralyse
Press: ? - help, Shift-Dir - straight line, f/p - enormous slime creature
Aim: an enormous slime creature (severely wounded, chance to affect: 28%)
The enormous slime creature easily resists.
Bog Govna hits the enormous slime creature with a +0 quarterstaff.
The enormous slime creature hits Bog Govna!!!
The large slime creature hits you!!
* * * LOW HITPOINT WARNING * * *
Evoke which item? (* to show all) (? for menu, Esc to quit)
Aiming: Paralyse
Press: ? - help, Shift-Dir - straight line, f/p - enormous slime creature
Aim: an enormous slime creature (severely wounded, chance to affect: 28%)
The enormous slime creature easily resists.
The enormous slime creature hits you!!!
Ouch! That really hurt!
You die...

#........#......#
........##'#######
##................
#................ #
#................ +.
+................ #.
#................
###..###'##########'###
#....J@......#......#
#....JR......#......#
#......(.....#......#
#......(.....#......#
#+#####+####$######## #
.# . .. . .. . ..# .


You could see the friendly Bog Govna the battlemage, an enormous slime creature
and a large slime creature.

Vanquished Creatures
  2 slime creatures (D:13)
  3 hydras
  Josephine (D:11)
  2 boulder beetles (D:13)
  A centaur warrior (D:14)
  3 two-headed ogres (D:14)
  Erica (D:11)
  A tengu warrior (D:13)
  An ogre mage (D:14)
  An unseen horror (D:11)
  2 cyclopes
  2 ugly things
  Joseph (D:9)
  2 komodo dragons
  A tengu conjurer (D:14)
  An efreet (D:13)
  2 trolls (D:13)
  A hornet (D:12)
  A harpy skeleton (D:15)
  A wyvern (D:9)
  2 shadows (D:12)
  16 yaks
  4 wraiths
  2 basilisks
  A soldier ant (D:14)
  An acid dragon (D:14)
  3 ice beasts
  4 orc warriors
  2 sky beasts
  A swamp drake (D:9)
  An eye of draining (D:14)
  A black bear (D:8)
  2 necrophages
  4 ogres
  A phantom (D:9)
  5 centaurs
  7 big kobolds
  6 bullfrogs
  A wyvern zombie (D:8)
  A wyvern skeleton (D:10)
  6 scorpions
  9 killer bees
  10 wights
  A howler monkey (D:8)
  A battlemage (D:12)
  2 centaur zombies
  A bullfrog zombie (D:9)
  A gnoll shaman (D:7)
  A hound (D:9)
  8 orc wizards
  2 quasits
  5 orc priests
  A jelly (D:9)
  A centaur skeleton (D:6)
  An iguana (D:7)
  Ijyb (D:4)
  Natasha (thrice) (D:2)
  7 worker ants
  A killer bee zombie (D:9)
  3 hound skeletons
  9 gnolls
  18 adders
  A howler monkey skeleton (D:11)
  2 river rats (Sewer)
  A shadow imp (D:5)
  5 white imps
  3 oozes (Sewer)
  An adder zombie (D:6)
  9 worms
  2 dart slugs
  6 leopard geckos
  28 orcs
  3 bats
  2 giant cockroaches
  13 goblins
  6 hobgoblins
  11 jackals
  18 kobolds
  7 quokkas
  3 ball pythons (Sewer)
  5 frilled lizards
  2 leopard gecko skeletons (D:4)
  A quokka skeleton (D:7)
  11 rats
327 creatures vanquished.

Vanquished Creatures (collateral kills)
  A hydra (D:11)
  2 centaur warriors
  2 two-headed ogres
  2 wolf spider zombies
  A centaur skeleton (D:14)
  3 shadows
  2 wraiths
  A yak (D:12)
  A wyvern (D:9)
  2 basilisks (D:9)
  An orc warrior (D:12)
  2 sky beasts
  2 ogres
  A centaur (D:14)
  A big kobold (D:8)
  A killer bee (D:12)
  2 orc wizards
  An iguana (D:6)
  3 worker ants
  A worker ant zombie (D:6)
  7 orcs
  A hobgoblin (D:12)
  A quokka (D:10)
41 creatures vanquished.

Vanquished Creatures (others)
  3 battlemagi
  A plant (D:11)
4 creatures vanquished.

Grand Total: 372 creatures vanquished

Notes
Turn   | Place    | Note
-------+----------+-------------------------------------------
     0 | D:1      | Borgoz the Ghoul Gladiator began the quest for the Orb.
     0 | D:1      | Reached XP level 1. HP: 17/17 MP: 0/0
    69 | D:1      | Reached XP level 2. HP: 17/25 MP: 1/1
   603 | D:1      | Reached XP level 3. HP: 30/30 MP: 2/2
   863 | D:2      | Reached skill level 1 in Armour
   863 | D:2      | Reached skill level 4 in Unarmed Combat
   943 | D:2      | Noticed Natasha
   951 | D:2      | Killed Natasha
   952 | D:2      | Reached XP level 4. HP: 29/37 MP: 3/3
  1073 | D:2      | Noticed Natasha
  1081 | D:2      | Killed Natasha
  1101 | D:2      | Noticed Natasha
  1113 | D:2      | Killed Natasha
  1114 | D:2      | Reached XP level 5. HP: 34/45 MP: 4/4
  1584 | D:3      | Found a glowing drain.
  1619 | Sewer    | Entered a sewer
  1724 | Sewer    | Noticed a big kobold
  1724 | Sewer    | Noticed a big kobold
  1742 | Sewer    | Killed a big kobold
  1743 | Sewer    | Reached skill level 5 in Unarmed Combat
  1743 | Sewer    | Reached XP level 6. HP: 27/51 MP: 2/5
  2276 | Sewer    | Reached XP level 7. HP: 20/59 MP: 3/6
  2590 | Sewer    | Reached skill level 6 in Unarmed Combat
  3556 | D:4      | Found Zuixzoif's Distillery.
  3630 | D:4      | Found a broken altar of Ashenzari.
  3647 | D:4      | Noticed Ijyb
  3663 | D:4      | Killed Ijyb
  3664 | D:4      | Reached XP level 8. HP: 61/67 MP: 5/7
  3857 | D:4      | Reached skill level 7 in Unarmed Combat
  4112 | D:4      | Got an ancient scale mail
  4123 | D:4      | Identified the +3 scale mail "Dugroam" {*Slow Will+ Str+5}
                  | (You found it on level 4 of the Dungeon)
  4173 | D:4      | Reached skill level 5 in Fighting
  4405 | D:5      | Entered Level 5 of the Dungeon
  4405 | D:5      | Found a staircase to the Ecumenical Temple.
  4445 | Temple   | Entered the Ecumenical Temple
  4589 | Temple   | Became a worshipper of Hepliaklqana the Forgotten
  4714 | D:5      | You fall into a shaft and drop 3 floors!
  4863 | D:8      | Reached skill level 5 in Dodging
  4874 | D:8      | Reached skill level 8 in Unarmed Combat
  5117 | D:7      | Reached * piety under Hepliaklqana
  5320 | D:6      | Reached XP level 9. HP: 67/67 MP: 8/8
  5775 | D:6      | Reached ** piety under Hepliaklqana
  5783 | D:6      | Remembered your ancestor Bog Govna as a battlemage
  6395 | D:7      | Reached skill level 9 in Unarmed Combat
  6954 | D:8      | Found a glowing golden altar of the Shining One.
  7102 | D:8      | Reached skill level 5 in Armour
  7532 | D:9      | Found Zemas's Weapon Boutique.
  7628 | D:9      | Found Xeudgh's General Store.
  7633 | D:9      | Bought a potion of heal wounds for 70 gold pieces
  7666 | D:9      | Noticed Joseph
  7674 | D:9      | Killed Joseph
  7675 | D:9      | Reached skill level 10 in Unarmed Combat
  7688 | D:9      | Reached XP level 10. HP: 77/77 MP: 9/9
  7737 | D:9      | Found Fyul's Gadget Shoppe.
  7856 | D:9      | Found Emaolese's Antique Armour Shoppe.
  7864 | D:9      | Bought a glowing helmet for 180 gold pieces
  8138 | D:9      | Found a staircase to the Lair.
  8440 | D:10     | Entered Level 10 of the Dungeon
  8508 | D:10     | Reached skill level 11 in Unarmed Combat
  8579 | D:10     | Found a sacrificial altar of Ru.
  9071 | D:10     | Noticed a two-headed ogre
  9077 | D:10     | Killed a two-headed ogre
  9392 | D:11     | Noticed a six-headed hydra
  9393 | D:11     | Found the +3 pair of gauntlets of War {Slay+5}
  9402 | D:11     | Killed a six-headed hydra
  9403 | D:11     | Reached XP level 11. HP: 25/85 MP: 2/10
  9658 | D:11     | Noticed Josephine
  9668 | D:11     | Killed Josephine
  9669 | D:11     | Reached skill level 12 in Unarmed Combat
  9924 | D:11     | Reached *** piety under Hepliaklqana
 10102 | D:11     | Noticed Erica
 10106 | D:11     | Killed Erica
 10402 | D:11     | Found Etircheko's Jewellery Shoppe.
 10417 | D:11     | Noticed a cyclops
 10424 | D:11     | Killed a cyclops
 10594 | D:11     | Killed an unseen horror
 10853 | D:12     | Found a staircase to the Orcish Mines.
 11010 | D:12     | Reached **** piety under Hepliaklqana
 11051 | D:12     | Noticed an eight-headed hydra
 11058 | D:12     | Reached skill level 13 in Unarmed Combat
 11073 | D:12     | Killed an eight-headed hydra
 11074 | D:12     | Reached XP level 12. HP: 68/94 MP: 8/11
 11598 | D:13     | Noticed a tengu warrior
 11607 | D:13     | Killed a tengu warrior
 11633 | D:13     | Noticed a four-headed hydra
 11645 | D:13     | Killed a four-headed hydra
 11701 | D:13     | Reached skill level 1 in Shields
 11798 | D:13     | Reached skill level 10 in Fighting
 11885 | D:13     | Noticed a boulder beetle
 11893 | D:13     | Killed a boulder beetle
 12150 | D:13     | Found a broken altar of Ashenzari.
 12177 | D:13     | Reached skill level 14 in Unarmed Combat
 12291 | D:13     | Noticed a boulder beetle
 12299 | D:13     | Killed a boulder beetle
 12425 | D:13     | Noticed a centaur warrior
 12435 | D:13     | Killed a centaur warrior
 12669 | D:14     | Noticed a four-headed hydra
 12682 | D:14     | Killed a four-headed hydra
 12683 | D:14     | Noticed a centaur warrior
 12693 | D:14     | Killed a centaur warrior
 12694 | D:14     | Reached XP level 13. HP: 82/102 MP: 10/12
 12784 | D:14     | Found Vijapn's Jewellery Boutique.
 12792 | D:14     | Bought an uncursed ring of see invisible for 210 gold
                  | pieces
 13296 | D:14     | Found a gate to the Vaults.
 13994 | D:15     | Entered Level 15 of the Dungeon
 14005 | D:15     | Reached skill level 15 in Unarmed Combat
 14127 | D:15     | Reached ***** piety under Hepliaklqana
 14261 | D:15     | Annihilated by an enormous slime creature

Illustrated notes

Levels and vault maps discovered:
D:1:      erik_arrival_cave_to_civilisation [erik_arrival_cave_to_hall],
          layout_basic
D:2:      layout_rooms, uniq_natasha
D:3:      layout_rooms, cheibrodos_sewer_entry_bend
D:4:      layout_basic, serial_shops, shop, ashenzari_altar_1, uniq_ijyb
D:5:      layout_rooms, minmay_temple_entry_crystal_x, chequers_avenue
D:6:      layout_basic
D:7:      layout_gridville
D:8:      layout_loops_ring, tso_altar
D:9:      layout_loops_ring, erik_lair_dragon, serial_shops,
          nicolae_shop_crystal, shop, kennysheep_little_box, shop, uniq_joseph
D:10:     layout_basic, nicolae_ru_sacrificial_ziggurat
D:11:     kennysheep_blocky_hall, layout_loops_ring, serial_glass,
          glass_columns_c, glass_columns_a, serial_shops,
          nicolae_shop_waterfront, grunt_ministairs_8, hex_tiny,
          minmay_misc_feat_plants, uniq_josephine, uniq_erica
D:12:     layout_small_grid, erik_orc_3, drop_trap
D:13:     layout_small_grid, basic_altar
D:14:     minmay_connected_triangles_in_corner, layout_cave_pods,
          david_vaults_2, serial_shops, shop_statue
D:15:     grunt_enter_depths_magical_seal, layout_gridville,
          guppyfry_shop_venom, uniq_nessos
Temple:   compressed_dpeg_circular_temple

Skill      XL: |  1  2  3  4  5  6  7  8  9 10 11 12 13 |
---------------+----------------------------------------+-----
Dodging        | 3 4 5 6 7 8 9 |  9.7
Armour         | 1 2 3 4 5 6 7 8 9 |  9.1
Unarmed Combat | 4 5 6 8 10 11 13 14 15 | 15.0
Fighting       | 3 4 5 7 8 9 10 11 | 11.0
Shields        | 3 4 |  4.2
Throwing       | |  1.7

Action                   |  1- 3 |  4- 6 |  7- 9 | 10-12 | 13-15 || total
-------------------------+-------+-------+-------+-------+-------++-------
Melee: Unarmed           |    90 |   201 |   412 |   397 |   106 ||  1206
       Punch             |     1 |       |    18 |    25 |       ||    44
Throw: Throwing net      |       |     1 |       |     1 |     2 ||     4
Invok: Recall Ancestor   |       |       |     1 |     1 |       ||     2
       Ancestor Identity |       |       |     1 |     1 |       ||     2
       Ancestor Life: Ba |       |       |     1 |       |       ||     1
Evoke: Wand              |       |       |       |     2 |     6 ||     8
  Use: Scroll            |     1 |     6 |    10 |     7 |       ||    24
       Potion            |       |       |       |     1 |       ||     1
 Stab: Held in net/web   |       |     2 |       |       |       ||     2
       Distracted        |       |       |     1 |       |       ||     1
       Paralysed         |       |       |       |    10 |       ||    10
       Betrayed ally     |       |       |       |     1 |       ||     1
Armor: Leather armour    |     8 |    23 |    19 |       |       ||    50
       Scale mail        |    18 |    13 |    69 |   172 |    47 ||   319
       Ring mail         |       |       |    21 |       |       ||    21
Dodge: Dodged            |    46 |   102 |   218 |   249 |    96 ||   711
       Repelled          |       |       |       |     6 |       ||     6
Block: Buckler           |       |       |       |    25 |    34 ||    59

Table legend: (Time is in decaauts)
 A = Elapsed time spent in this place.
 B = Non-inter-level travel time spent in this place.
 C = Inter-level travel time spent in this place.
 D = Time resting spent in this place.
 E = Time spent auto-exploring this place.
 F = Levels seen in this place.
 G = Mean time per level.
                   A        B        C        D        E       F      G
               +--------+--------+--------+--------+--------+-----+--------+
         Total |  14197 |  13694 |    503 |   1049 |  10231 |  17 |  835.1 |
       Dungeon |  12623 |  12142 |    481 |    718 |   9362 |  15 |  841.5 |
        Temple |    166 |    144 |     22 |      0 |     98 |   1 |  166.0 |
         Sewer |   1407 |   1407 |      0 |    331 |    771 |   1 | 1407.0 |
               +--------+--------+--------+--------+--------+-----+--------+

Top non-repeatable levels by time:
    D:13: 1411 daAuts
   Sewer: 1407 daAuts
    D:11: 1296 daAuts
     D:9: 1139 daAuts
    D:14: 946 daAuts
    D:10: 941 daAuts
     D:4: 873 daAuts
    D:12: 867 daAuts
     D:1: 849 daAuts
     D:7: 749 daAuts
     D:8: 744 daAuts
     D:3: 731 daAuts
     D:6: 728 daAuts
     D:2: 624 daAuts
     D:5: 460 daAuts
